 Dungeon Crawl Stone Soup version 0.27-a0-590-g94244163b4 (webtiles) character file.

Game seed: 1078890272109773193

85 wakim the Thaumaturge (level 4, 0/32 HPs)
             Began as a Gnoll Wanderer on Mar 10, 2021.
             Slain by a bullfrog skeleton (5 damage)
             ... on level 3 of the Dungeon.
             The game lasted 00:12:59 (2776 turns).

wakim the Thaumaturge (Gnoll Wanderer)              Turns: 2776, Time: 00:13:00

Health: 0/32       AC:  4    Str: 12    XL:     4   Next: 48%
Magic:  4/15       EV: 11    Int: 14    God:
Gold:   114        SH:  0    Dex:  9    Spells: 15/21 levels left

rFire    . . .     SeeInvis .   b - +0 hunting sling
rCold    + . .     Faith    .   (no shield)
rNeg     . . .     Spirit   .   h - +1 leather armour {rC+}
rPois    .         Reflect  .   (no helmet)
rElec    .         Harm     .   (no cloak)
rCorr    .         Rampage  .   (no gloves)
Will     .....                  (no boots)
Stlth    ++........             (no amulet)
HPRegen  0.10/turn              (no ring)
MPRegen  0.14/turn              (no ring)

@: no status effects
A: fangs 1, strong nose, distributed training
a: no special abilities


You were on level 3 of the Dungeon.
You visited 1 branch of the dungeon, and saw 3 of its levels.

You collected 114 gold pieces.

Inventory:

Hand Weapons
 a - a +0 club
 b - a +0 hunting sling (weapon)
 g - a +0 dagger
Missiles
 j - 35 sling bullets (quivered ammo)
 m - 2 boomerangs
Armour
 d - a +0 robe
 h - a +1 leather armour of cold resistance (worn)
Wands
 n - a wand of flame (22)
Scrolls
 c - 2 scrolls of enchant weapon {unknown}
 e - 3 scrolls of identify
 f - a scroll of amnesia {unknown}
 i - a scroll of magic mapping {unknown}
 k - 3 scrolls of teleportation {unknown}
Potions
 l - 2 potions of curing


   Skills:
 + Level 1.1 Fighting
 + Level 1.1 Short Blades
 + Level 1.1 Long Blades
 + Level 1.1 Axes
 + Level 1.1 Maces & Flails
 + Level 1.1 Polearms
 + Level 1.1 Staves
 + Level 1.1 Slings
 + Level 1.1 Bows
 + Level 1.1 Crossbows
 + Level 1.1 Throwing
 + Level 1.1 Armour
 + Level 1.1 Dodging
 + Level 2.5 Stealth
 + Level 2.7 Shields
 + Level 1.1 Unarmed Combat
 + Level 9.3 Spellcasting
 + Level 2.2 Conjurations
 + Level 2.2 Hexes
 + Level 0.9 Summonings
 + Level 0.9 Necromancy
 + Level 0.9 Translocations
 + Level 0.9 Transmutations
 + Level 0.9 Fire Magic
 + Level 0.9 Ice Magic
 + Level 0.9 Air Magic
 + Level 0.9 Earth Magic
 + Level 3.8 Poison Magic
 + Level 1.2 Invocations
 + Level 1.1 Evocations


You had 15 spell levels left.
You knew the following spells:

 Your Spells              Type           Power      Damage    Failure   Level
a - Magic Dart            Conj           48%        1d5       5%          1
b - Blink                 Tloc           N/A        N/A       14%         2
c - Teleport Other        Tloc           9%         N/A       28%         3

Your spell library contained the following spells:

 Spells                   Type           Power      Damage    Failure   Level
 Foxfire                  Conj/Fire      44%        2x1d6     8%          1
 Slow                     Hex            12%        N/A       9%          2
 Apportation              Tloc           18%        N/A       10%         1
 Call Imp                 Summ           9%         N/A       14%         2
 Mephitic Cloud           Conj/Pois/Air  13%        N/A       16%         3
 Conjure Flame            Conj/Fire      11%        6-21      22%         3


Dungeon Overview and Level Annotations

Branches:
Dungeon (3/15)

Altars:
Ru


Innate Abilities, Weirdness & Mutations

You have very sharp teeth.
Your uncanny sense of smell can sniff out nearby items.
Your experience applies equally to all skills.


Message History

* * * LOW HITPOINT WARNING * * *
Your magical contamination has completely faded away.
Fire: 35 sling bullets
Press: ? - help, Q - select action, (/) - cycle Shift-Dir - straight line, f/p - bullfrog skeleton
Aim: a bullfrog skeleton (moderately damaged, 74% to hit)
Okay, then.
The bullfrog skeleton barely misses you.
The bullfrog skeleton hits you.
* * * LOW HITPOINT WARNING * * *
Casting: Blink (safe; 14% risk of failure)
Confirm with . or Enter, or press ? or * to list all spells.
You blink.
Found a dagger.
Found a stone staircase leading down.
You see here a +0 dagger.
g - a +0 dagger The bullfrog skeleton misses you.
The bullfrog skeleton misses you.
There is a stone staircase leading down here.
The bullfrog skeleton hits you but does no damage.
The bullfrog skeleton hits you.
* * * LOW HITPOINT WARNING * * *
Casting: Blink (safe; 14% risk of failure)
Confirm with . or Enter, or press ? or * to list all spells.
The spell is quite dangerous to cast (28% risk of failure)!
Continue anyway?
Aiming: Teleport Other (quite dangerous; 28% risk of failure)
Press: ? - help, Shift-Dir - straight line, f/p - bullfrog skeleton
Aim: a bullfrog skeleton (moderately damaged, chance to affect: 57%)
The bullfrog skeleton resists with significant effort.
The bullfrog skeleton hits you.
* * * LOW HITPOINT WARNING * * *
Casting: Teleport Other (quite dangerous; 28% risk of failure)
Confirm with . or Enter, or press ? or * to list all spells.
The spell is quite dangerous to cast (28% risk of failure)!
Continue anyway?
Aiming: Teleport Other (quite dangerous; 28% risk of failure)
Press: ? - help, Shift-Dir - straight line, f/p - bullfrog skeleton
Aim: a bullfrog skeleton (moderately damaged, chance to affect: 57%)
The bullfrog skeleton looks slightly unstable.
The bullfrog skeleton hits you.
You die...

#..#......≈.≈.≈#
##..######..≈.≈.# ∆ ....#
#......# ##.## ######## #.#
#.# #.####
#....############## #####
#...(..........@Z.# #...[
#.##.############.####
#..#. #.##.#
#.†.(..#######..## #.##.#
#.#.##..........# #.##.#
#.#.##########Z## ..##.#
#.#.# #.# ####.#
#.#.##########.# #.#
#.#..>.........#
#.##########.##############


You could see a bullfrog skeleton.

Vanquished Creatures
  2 adders
  4 worms (D:2)
  3 dart slugs
  A leopard gecko (D:2)
  2 giant cockroaches
  6 goblins
  4 hobgoblins (D:2)
  9 jackals
  4 kobolds
  2 quokkas (D:2)
  2 ball pythons
  A bat (D:2)
  2 frilled lizards (D:2)
  2 rats
44 creatures vanquished.

Notes
Turn   | Place    | Note
-------+----------+-------------------------------------------
     0 | D:1      | Reached skill level 9 in Spellcasting
     0 | D:1      | wakim the Gnoll Wanderer began the quest for the Orb.
     0 | D:1      | wakim set off with the following items: a +0 club, a +0
                  | robe; and the following spells available to memorise: Magic
                  | Dart, Foxfire, Slow, Apportation, Mephitic Cloud, Blink,
                  | Call Imp, Conjure Flame, Teleport Other
     0 | D:1      | Reached XP level 1. HP: 13/13 MP: 10/10
     2 | D:1      | Learned a level 1 spell: Magic Dart
   318 | D:1      | Reached XP level 2. HP: 19/19 MP: 12/12
   946 | D:2      | Reached XP level 3. HP: 14/25 MP: 7/13
  1518 | D:2      | Reached skill level 1 in Invocations
  1596 | D:2      | Reached skill level 1 in Fighting
  1596 | D:2      | Reached skill level 1 in Short Blades
  1596 | D:2      | Reached skill level 1 in Long Blades
  1596 | D:2      | Reached skill level 1 in Axes
  1596 | D:2      | Reached skill level 1 in Maces & Flails
  1596 | D:2      | Reached skill level 1 in Polearms
  1596 | D:2      | Reached skill level 1 in Staves
  1596 | D:2      | Reached skill level 1 in Slings
  1596 | D:2      | Reached skill level 1 in Bows
  1596 | D:2      | Reached skill level 1 in Crossbows
  1596 | D:2      | Reached skill level 1 in Throwing
  1596 | D:2      | Reached skill level 1 in Armour
  1596 | D:2      | Reached skill level 1 in Dodging
  1596 | D:2      | Reached skill level 1 in Unarmed Combat
  1596 | D:2      | Reached skill level 1 in Evocations
  1885 | D:2      | Reached XP level 4. HP: 30/32 MP: 9/15
  2338 | D:3      | Learned a level 2 spell: Blink
  2342 | D:3      | Learned a level 3 spell: Teleport Other
  2529 | D:3      | Found a sacrificial altar of Ru.
  2776 | D:3      | Slain by a bullfrog skeleton

Illustrated notes

Levels and vault maps discovered:
D:1:      dpeg_arrival_tiny_b, layout_basic
D:2:      layout_basic, minmay_diced_spiral
D:3:      layout_loops_ring, lemuel_coloured_pillars_altar,
          lemuel_crystal_altar, nicolae_ru_path_of_blood,
          uniq_crazy_yiuf_cottage

Skill      XL: |  1  2  3 |
---------------+----------+-----
Spellcasting   | |  9.3
Conjurations   | 2 |  2.2
Hexes          | 2 |  2.2
Invocations    | 1 |  1.2
Fighting       | 1 |  1.1
Short Blades   | 1 |  1.1
Long Blades    | 1 |  1.1
Axes           | 1 |  1.1
Maces & Flails | 1 |  1.1
Polearms       | 1 |  1.1
Staves         | 1 |  1.1
Slings         | 1 |  1.1
Bows           | 1 |  1.1
Crossbows      | 1 |  1.1
Throwing       | 1 |  1.1
Armour         | 1 |  1.1
Dodging        | 1 |  1.1
Unarmed Combat | 1 |  1.1
Evocations     | 1 |  1.1
Stealth        | |  2.5
Shields        | |  2.7
Summonings     | |  0.9
Necromancy     | |  0.9
Translocations | |  0.9
Transmutations | |  0.9
Fire Magic     | |  0.9
Ice Magic      | |  0.9
Air Magic      | |  0.9
Earth Magic    | |  0.9
Poison Magic   | |  3.8

Action                   |  1- 3 |  4- 6 || total
-------------------------+-------+-------++-------
Melee: Club              |     9 |     7 ||    16
       Bite              |     1 |     1 ||     2
 Fire: Hunting sling     |    45 |    27 ||    72
Throw: Throwing net      |     1 |       ||     1
 Cast: Magic Dart        |    71 |    16 ||    87
       Teleport Other    |       |     3 ||     3
       Blink             |       |     3 ||     3
  Use: Scroll            |       |     2 ||     2
 Stab: Sleeping          |     1 |       ||     1
Armor: Leather armour    |    12 |     8 ||    20
Dodge: Dodged            |    30 |    20 ||    50

Table legend: (Time is in decaauts)
 A = Elapsed time spent in this place.
 B = Non-inter-level travel time spent in this place.
 C = Inter-level travel time spent in this place.
 D = Time resting spent in this place.
 E = Time spent auto-exploring this place.
 F = Levels seen in this place.
 G = Mean time per level.
                   A        B        C        D        E       F      G
               +--------+--------+--------+--------+--------+-----+--------+
         Total |   2784 |   2746 |     38 |    673 |   1510 |   3 |  928.0 |
       Dungeon |   2784 |   2746 |     38 |    673 |   1510 |   3 |  928.0 |
               +--------+--------+--------+--------+--------+-----+--------+

Top non-repeatable levels by time:
     D:2: 1296 daAuts
     D:1: 976 daAuts
     D:3: 511 daAuts
